 Dungeon Crawl Stone Soup version 0.29-a0-352-g0917bc69df (webtiles) character file.

Game seed: 2809051525378654306

24 Neon14 the Slasher (level 2, 25/25 HPs)
             Began as a Draconian Gladiator on Apr 24, 2022.
             Was a Follower of Nemelex Xobeh.
             Quit the game on level 2 of the Dungeon on Jan 3, 2023.
             The game lasted 00:03:14 (1156 turns).

Neon14 the Slasher (Draconian Gladiator)            Turns: 1156, Time: 00:03:14

Health: 25/25      AC:  4    Str: 16    XL:     2   Next: 79%
Magic:  2/2        EV: 12    Int:  8    God:    Nemelex Xobeh [*.....]
Gold:   66         SH:  0    Dex: 12    Spells: 1/1 levels left

rFire   . . .      SeeInvis .   n - +0 falchion (holy)
rCold   . . .      Faith    .   (no shield)
rNeg    . . .      Spirit   .   (body armour unavailable)
rPois   .          Reflect  .   b - +0 hat
rElec   .          Harm     .   (no cloak)
rCorr   .          Rampage  .   (no gloves)
Will    .....                   (no boots)
Stlth   +.........              (no amulet)
HPRegen 0.08/turn               (no ring)
MPRegen 0.08/turn               (no ring)

@: no status effects
A: AC +4, unfitting armour, cold-blooded
a: Renounce Religion, Draw Escape, Draw Destruction, Draw Summoning


You were on level 2 of the Dungeon.
You worshipped Nemelex Xobeh.
Nemelex Xobeh was aware of your devotion.
You visited 1 branch of the dungeon, and saw 2 of its levels.

You collected 66 gold pieces.

Inventory:

Hand Weapons
 a - a +0 long sword
 n - a +0 falchion of holy wrath (weapon)
Missiles
 c - 3 throwing nets (quivered)
 d - 6 javelins
Armour
 b - a +0 hat (worn)
Wands
 l - a wand of acid (11)
Scrolls
 i - a scroll of enchant weapon {unknown}
 j - a scroll of immolation {unknown}
 k - a scroll of torment {unknown}
 m - a scroll of noise {unknown}
Potions
 e - a potion of attraction {unknown}
 f - a potion of curing {unknown}
 g - a potion of invisibility {unknown}
 h - a potion of flight {unknown}


   Skills:
 + Level 2.5 Fighting
 + Level 3.6 Long Blades
 - Level 1.7 Throwing
 + Level 3.0 Dodging
 + Level 0.1 Stealth


You had one spell level left.
You didn't know any spells.
Your spell library contained the following spells:

 Spells                   Type           Power      Damage    Failure   Level
 Scorch                   Fire           0%         2d5       54%         2
 Flame Wave               Conj/Fire      0%         2d4       99%         4
 Summon Cactus Giant      Summ           0%         N/A       100%        6


Dungeon Overview and Level Annotations

Branches:
Dungeon (2/15)

Altars:
Nemelex Xobeh

Shops:
D:1 !


Innate Abilities, Weirdness & Mutations

Your plain brown scales are hard. (AC +4)
You cannot fit into any form of body armour.
You are cold-blooded and may be slowed by cold attacks.


Message History

You kill the hobgoblin!
No target in view!
No target in view!
No target in view!
No target in view!
No target in view!
No target in view!
No target in view!
No target in view!
No target in view!
No target in view!
No target in view!
No target in view!
You see here a hobgoblin corpse.
You open the door.
There is an open door here.
You open the door.
There is an open door here.
Key pressed, stopping explore.
You open the door.
There is an open door here.
Found a stone staircase leading down.
Found a glowing falchion.
You now have 66 gold pieces (gained 6).
m - a scroll labelled VIPRYM VUEGI You see here a +0 falchion of holy wrath.
You see here a +0 falchion of holy wrath.
n - a +0 falchion of holy wrath Your +0 falchion of holy wrath softly glows with a divine radiance!
n - a +0 falchion of holy wrath (weapon)
Nemelex Xobeh deals you some cards!
You now have 1 escape card, 7 destruction cards and 3 summoning cards.
Okay, then.
Okay, then.
Okay, then.
Okay, then.
Welcome back, Neon14 the Draconian Gladiator.
Nemelex Xobeh says: It's all in the cards!
Press ? for a list of commands and other information.
Are you sure you want to abandon this character and quit the game? (Confirm with "yes".)

.# #.####.#.....##.# .#### #.#
#....##.##.#
....#######.####.#..##.##.#
..............>...........#
............####....##.##.#####
####.####...# ###..##.##.....#
# #.# #...# #..##.##.##.## #
#.# #...# ###..##.##.##.## #
#.# ##...####@.............#
#.. .............##.##.##.##
### ##...####.#####.##.##.#
......................# #
##...#.##.############# . # #.#
............... ...#.##.#######
# #..


There were no monsters in sight!

Vanquished Creatures
  An adder (D:2)
  A dart slug (D:1)
  A giant cockroach (D:2)
  3 hobgoblins
  2 kobolds
  A ball python (D:1)
  3 bats (D:1)
  A frilled lizard (D:2)
  A rat (D:1)
14 creatures vanquished.

Vanquished Creatures (others)
  2 withered plants (D:1)
2 creatures vanquished.

Grand Total: 16 creatures vanquished

Notes
Turn   | Place    | Note
-------+----------+-------------------------------------------
     0 | D:1      | Neon14 the Draconian Gladiator began the quest for the Orb.
     0 | D:1      | Reached XP level 1. HP: 17/17 MP: 1/1
   240 | D:1      | Found Jepet's Distillery.
   308 | D:1      | Found a faded altar of an unknown god.
   338 | D:1      | Reached XP level 2. HP: 20/24 MP: 2/2
   373 | D:1      | Prayed at the altar of an unknown god.
   373 | D:1      | Became a worshipper of Nemelex Xobeh the Trickster
   373 | D:1      | Reached * piety under Nemelex Xobeh
  1148 | D:2      | Received a gift from Nemelex Xobeh
  1156 | D:2      | Quit the game

Illustrated notes

Levels and vault maps discovered:
D:1:      dpeg_arrival_shrine, layout_loops_ring,
          ebering_ecumenical_altar_petrified, serial_shops,
          nicolae_shop_behind_doors
D:2:      layout_basic, kennysheep_potato

Skill      XL: |  1  2 |
---------------+-------+-----
Dodging        | 3 |  3.0
Fighting       | |  2.5
Long Blades    | |  3.6
Throwing       | |  1.7
Stealth        | |  0.1

Action                   || total
-------------------------++-------
Melee: Long sword        ||    61
       Tailslap          ||     7
 Stab: Sleeping          ||     1
Armor: Skin              ||    31
Dodge: Dodged            ||    54

Table legend: (Time is in decaauts)
 A = Elapsed time spent in this place.
 B = Non-inter-level travel time spent in this place.
 C = Inter-level travel time spent in this place.
 D = Time resting spent in this place.
 E = Time spent auto-exploring this place.
 F = Levels seen in this place.
 G = Mean time per level.
                   A        B        C        D        E       F      G
               +--------+--------+--------+--------+--------+-----+--------+
         Total |   1170 |   1145 |     25 |      0 |    952 |   2 |  585.0 |
       Dungeon |   1170 |   1145 |     25 |      0 |    952 |   2 |  585.0 |
               +--------+--------+--------+--------+--------+-----+--------+

Top non-repeatable levels by time:
     D:1: 742 daAuts
     D:2: 427 daAuts
